 Dungeon Crawl Stone Soup version 0.25-a0-701-gb30f108f01 (webtiles) character file.

Game seed: 12936907586679320854, levelgen mode: deterministic

10672 Hartz the Geomancer (level 11, -10/64 HPs)
             Began as a Gargoyle Earth Elementalist on Apr 3, 2020.
             Was a Believer of Vehumet.
             Hit by a javelin thrown by a minotaur (30 damage)
             ... in a Gauntlet.
             The game lasted 00:46:11 (14343 turns).

Hartz the Geomancer (Gargoyle Earth Elementalist)  Turns: 14343, Time: 00:46:12

Health: -10/64     AC: 17    Str: 11    XL:     11   Next: 65%
Magic:  16/32      EV: 13    Int: 20    God:    Vehumet [**....]
Gold:   198        SH:  0    Dex: 10    Spells: 17/26 levels left

rFire    . . .     SeeInvis +   r - +4 morningstar (protect)
rCold    . . .     Gourm    .   (no shield)
rNeg     + . .     Faith    .   M - +0 steam dragon scales
rPois    ∞         Spirit   .   (no helmet)
rElec    +         Reflect  .   A - +1 cloak
rCorr    .         Harm     .   (no gloves)
MR       .....     NoTele   +   n - +0 pair of boots
Stlth    ++........             x - amulet "Plog" {+Rage Slay+2}
HPRegen  0.20/turn              H - ring of magical power
MPRegen  0.23/turn              R - ring of see invisible

@: flying, very slightly contaminated, hasted, invisible, very quick
A: big wings, negative energy resistance 1, electricity resistance, unbreathing,
petrification resistance, rot immunity, MP-powered wands, AC +8
a: Stop Flying, Renounce Religion, Evoke Berserk Rage


You were in a Gauntlet.
You worshipped Vehumet.
Vehumet was pleased with you.
You were not hungry.

You visited 2 branches of the dungeon, and saw 13 of its levels.
You also visited: Gauntlet.

You collected 700 gold pieces.
You spent 502 gold pieces at shops.

Inventory:

Hand Weapons
 p - a +5 dagger
 r - a +4 morningstar of protection (weapon)
 v - a +0 vorpal morningstar
 K - the +9 hand crossbow of Cuoguit {vorpal, rPois Str+5}
   (You found it on level 9 of the Dungeon)

   Any bolt fired from it inflicts extra damage.
   It affects your strength (+5).
   It protects you from poison.
Missiles
 b - 215 stones (quivered)
 q - 88 bolts
Armour
 l - a +1 robe of fire resistance
 n - a +0 pair of boots (worn)
 A - a +1 cloak (worn)
 M - +0 steam dragon scales (worn)
Jewellery
 g - an uncursed ring of fire
 k - an uncursed ring of protection from magic
 o - an uncursed ring of wizardry
 u - an uncursed ring of ice
 x - the amulet "Plog" (around neck) {+Rage Slay+2}
   (You found it in a Gauntlet)

   [amulet of rage]

   It affects your accuracy and damage with ranged weapons and melee attacks
   (+2).
   It lets you go berserk.
 G - an uncursed ring of ice
 H - a ring of magical power (left hand)
 R - a ring of see invisible (right hand)
Wands
 a - a wand of random effects (8)
 y - a wand of polymorph (11)
 z - a wand of scattershot (2)
 C - a wand of disintegration (11)
 L - a wand of flame (55)
 N - a wand of enslavement (9)
 O - a wand of paralysis (10)
Scrolls
 c - 3 scrolls of blinking
 i - a scroll of amnesia
 s - 3 scrolls of immolation
 t - a scroll of magic mapping
 w - 2 scrolls of remove curse
 F - 4 scrolls of teleportation
 J - a scroll of fog
Potions
 f - 2 potions of ambrosia
 h - 2 potions of flight
 j - 2 potions of curing
 m - 2 potions of lignification
 P - a potion of brilliance
 Q - a potion of mutation
Comestibles
 d - 22 rations


   Skills:
 + Level 5.4 Fighting
 + Level 5.0 Maces & Flails
 + Level 5.4 Armour
 + Level 4.6 Dodging
 - Level 2.1 Stealth
 + Level 8.2 Spellcasting
 + Level 7.2 Conjurations
   Level 0.7 Transmutations
 + Level 10.8 Earth Magic
 + Level 4.5 Evocations


You had 17 spell levels left.
You knew the following spells:

 Your Spells              Type           Power        Failure   Level  Hunger
a - Sandblast             Erth           ######       1%          1    None
b - Stone Arrow           Conj/Erth      #####.       1%          3    None
c - Lee's Rapid Deconstr  Erth           ######....   2%          5    #####..

Your spell library contained the following spells:

 Spells                   Type           Power        Failure   Level  Hunger
 Magic Dart               Conj           ####         1%          1    None
 Passwall                 Tmut/Erth      ####....     1%          2    None
 Beastly Appendage        Tmut           ##....       6%          1    None
 Petrify                  Tmut/Erth      ####....     8%          4    ###....
 Animate Skeleton         Necr           N/A          9%          1    None
 Apportation              Tloc           #.....       9%          1    None
 Corona                   Hex            #......      9%          1    None
 Pain                     Necr           #...         9%          1    None
 Summon Small Mammal      Summ           #...         9%          1    None
 Sticks to Snakes         Tmut           ##......     10%         2    None
 Shroud of Golubria       Chrm/Tloc      #.....       13%         2    None
 Spider Form              Tmut/Pois      #.........   22%         3    None
 Vampiric Draining        Necr           #.........   26%         3    None
 Iskenderun's Battlesphe  Conj/Chrm      ###.....     45%         5    #####..
 Ice Form                 Ice/Tmut       #.......     56%         4    ###....
 Animate Dead             Necr           N/A          63%         4    ###....
 Blade Hands              Tmut           ##........   86%         5    #####..
 Agony                    Necr           #.......     93%         5    #####..
 Excruciating Wounds      Chrm/Necr      #.........   93%         5    #####..
 Death Channel            Necr           #.........   100%        6    ######.


Dungeon Overview and Level Annotations

Branches:
Dungeon (12/15)            Temple (1/1) D:7            Lair (0/6) D:8
    Orc (0/2) D:9         Gauntlet (1/1)

Altars:
Ashenzari
Cheibriados
Dithmenos
Elyvilon
Fedhas
Gozag
Hepliaklqana
Kikubaaqudgha
Makhleb
Nemelex Xobeh
Okawaru
Qazlal
Ru
Sif Muna
Trog
Uskayaw
Vehumet
Wu Jian
Xom
Yredelemnul
Zin
The Shining One

Shops:
D:7 ?   D:9 !

Annotations:
Gauntlet 12 transporters, 21 runed translucent doors


Innate Abilities, Weirdness & Mutations

You are resistant to torment.
Your stone body is resilient. (AC +8)
You are immune to poison.
You resist negative energy. (rN+)
You are resistant to electric shocks. (rElec)
You can survive without breathing.
You are immune to petrification.
You are immune to rotting.
Your large and strong wings let you fly indefinitely.
You expend magic power (3 MP) to strengthen your wands.


Message History

Press: ? - help, Shift-Dir - straight line, f/p - minotaur
Aim: a minotaur, wielding the +11 morningstar of the Depths {flame, *Noise Dex+5}, wearing the +5 ring mail of Pyon Vowiu {rC+ SInv Stlth+}, wearing the +1 buckler of Gafenen {-Cast +Blink rPois} and quivering 3 javelins (heavily wounded)
The stone arrow hits the minotaur but does no damage.
The minotaur is heavily wounded.
The minotaur throws a javelin.
The javelin pierces through you.
Casting: Stone Arrow (safe; 1% risk of failure)
Confirm with . or Enter, or press ? or * to list all spells.
Aiming: Stone Arrow (safe; 1% risk of failure)
Press: ? - help, Shift-Dir - straight line, f/p - minotaur
Aim: a minotaur, wielding the +11 morningstar of the Depths {flame, *Noise Dex+5}, wearing the +5 ring mail of Pyon Vowiu {rC+ SInv Stlth+}, wearing the +1 buckler of Gafenen {-Cast +Blink rPois} and quivering 2 javelins (heavily wounded)
The stone arrow hits the minotaur!
The minotaur is severely wounded.
Casting: Stone Arrow (safe; 1% risk of failure)
Confirm with . or Enter, or press ? or * to list all spells.
Aiming: Stone Arrow (safe; 1% risk of failure)
Press: ? - help, Shift-Dir - straight line, f/p - minotaur
Aim: a minotaur, wielding the +11 morningstar of the Depths {flame, *Noise Dex+5}, wearing the +5 ring mail of Pyon Vowiu {rC+ SInv Stlth+}, wearing the +1 buckler of Gafenen {-Cast +Blink rPois} and quivering 2 javelins (severely wounded)
The minotaur blocks the stone arrow.
The minotaur throws a javelin.
The javelin pierces through you!!
You die...

#.###########.###########.#######
.................................
............≈∩≈..................
#################################
#8##§...............≈##8# #8# #8
####8..©.©.©.©.©.©..8#### ### ##
#≈..............§§#
###.#.#######(#.### #.#..
#.(@.#.# #H##.#.# ... ....#
##'##..#.# 8. #..#.# #.. #... #
#8 #.8# #/ ####


You could see a minotaur.

Vanquished Creatures
  A hell beast (Gauntlet)
  2 two-headed ogres
  The ghost of kmx the Fighter, a novice OpFi (D:6)
  An ugly thing (D:11)
  An eye of devastation (Gauntlet)
  Joseph (D:8)
  Maurice (D:8)
  Maggie (D:9)
  A gargoyle (D:10)
  A queen bee (Gauntlet)
  A troll (D:10)
  4 hippogriffs
  A shadow (D:11)
  3 hungry ghosts
  A fire bat (D:5)
  A golden eye (Gauntlet)
  A hell hound (Gauntlet)
  2 water moccasins
  2 orc warriors
  A hornet zombie (D:6)
  An ice beast (D:8)
  3 ogres
  2 phantoms
  A black bear (D:7)
  2 sky beasts
  A necrophage (D:11)
  2 centaurs
  4 big kobolds
  A spectral wyvern (D:6)
  4 bullfrogs
  4 scorpions
  6 killer bees (Gauntlet)
  A howler monkey (D:4)
  A centaur zombie (D:6)
  4 crimson imps
  4 jellies
  A wyvern simulacrum (D:6)
  A centaur skeleton (D:11)
  6 hounds
  8 orc priests
  A bullfrog skeleton (D:10)
  5 orc wizards
  3 iguanas
  5 worker ants
  3 hound zombies
  9 gnolls
  10 adders
  A howler monkey skeleton (D:8)
  4 shadow imps
  An ooze (D:2)
  2 adder skeletons
  An adder zombie (D:5)
  A worm (D:2)
  An adder simulacrum (D:6)
  A dart slug (D:1)
  10 leopard geckos
  34 orcs
  7 giant cockroaches
  7 goblins
  6 hobgoblins
  8 quokkas
  A ball python (D:3)
  8 bats
  14 frilled lizards
  53 kobolds
  A leopard gecko zombie (D:6)
  A quokka simulacrum (D:6)
  A quokka zombie (D:8)
  5 rats
  A spectral orc (D:3)
290 creatures vanquished.

Vanquished Creatures (others)
  A fungus (D:4)
1 creature vanquished.

Grand Total: 291 creatures vanquished

Notes
Turn   | Place    | Note
-------+----------+-------------------------------------------
     0 | D:1      | Hartz the Gargoyle Earth Elementalist began the quest for
                  | the Orb.
     0 | D:1      | Reached XP level 1. HP: 10/10 MP: 3/3
   321 | D:1      | Reached XP level 2. HP: 11/15 MP: 5/5
   371 | D:1      | Reached skill level 4 in Earth Magic
   448 | D:2      | Reached XP level 3. HP: 2/19 MP: 0/6
   453 | D:2      | Learned a level 3 spell: Stone Arrow
  1417 | D:2      | Found a faded altar of an unknown god.
  1542 | D:2      | Reached skill level 5 in Earth Magic
  1542 | D:2      | Reached XP level 4. HP: 22/24 MP: 0/8
  1822 | D:2      | Found a sparkling altar of Nemelex Xobeh.
  2263 | D:3      | Reached XP level 5. HP: 20/28 MP: 7/10
  2621 | D:4      | Identified the cursed +0 ring mail of Failure {Dex+2}
  2765 | D:4      | Found a blossoming altar of Fedhas.
  2947 | D:4      | Learned a level 5 spell: Lee's Rapid Deconstruction
  3438 | D:4      | Reached skill level 6 in Earth Magic
  3438 | D:4      | Reached XP level 6. HP: 30/32 MP: 8/12
  3670 | D:4      | Noticed a fire elemental
  3672 | D:4      | Found a stormy altar of Qazlal.
  3673 | D:4      | Noticed an air elemental
  3673 | D:4      | Noticed a water elemental
  3827 | D:4      | Noticed a phantom
  3836 | D:4      | Killed a phantom
  4397 | D:3      | Found a basalt altar of Yredelemnul.
  4941 | D:3      | Found a basalt altar of Yredelemnul.
  5112 | D:5      | Entered Level 5 of the Dungeon
  5166 | D:5      | Reached skill level 7 in Earth Magic
  5166 | D:5      | Reached XP level 7. HP: 29/36 MP: 2/14
  5261 | D:5      | Found a shimmering blue altar of Sif Muna.
  5265 | D:5      | Reached skill level 5 in Spellcasting
  5320 | D:5      | Found a glowing golden altar of the Shining One.
  5323 | D:5      | Found a glowing silver altar of Zin.
  6084 | D:5      | Reached skill level 8 in Earth Magic
  6340 | D:5      | Reached XP level 8. HP: 26/41 MP: 5/16
  7080 | D:6      | Reached skill level 9 in Earth Magic
  7285 | D:6      | Reached skill level 1 in Conjurations
  7296 | D:6      | Reached skill level 1 in Armour
  7300 | D:6      | Reached skill level 1 in Fighting
  7300 | D:6      | Reached skill level 1 in Maces & Flails
  7300 | D:6      | Reached skill level 1 in Evocations
  7493 | D:6      | Found a shadowy altar of Dithmenos.
  7505 | D:6      | Noticed kmx's ghost (novice OpFi)
  7506 | D:6      | Found a runed translucent gate.
  7507 | D:6      | Found a runed translucent gate.
  7508 | D:6      | Found a runed translucent gate.
  7516 | D:6      | Reached XP level 9. HP: 47/47 MP: 7/19
  7914 | D:6      | Killed kmx's ghost
  8032 | D:6      | Gained mutation: You occasionally shout uncontrollably at
                  | your foes. [potion of mutation]
  8032 | D:6      | Gained mutation: You tend to lose your temper in combat.
                  | [potion of mutation]
  8032 | D:6      | Gained mutation: You are frail. (-10% HP) [potion of
                  | mutation]
  8032 | D:6      | Gained mutation: You have a pair of small antennae on your
                  | head. [potion of mutation]
  8467 | D:7      | Found a sacrificial altar of Ru.
  8605 | D:7      | Found a staircase to the Ecumenical Temple.
  8619 | Temple   | Entered the Ecumenical Temple
  8703 | Temple   | Became a worshipper of Vehumet
  8902 | D:7      | Found Zyzearchu's Magic Scroll Emporium.
  8905 | D:7      | Bought a scroll of immolation for 56 gold pieces
  8905 | D:7      | Bought a scroll of identify for 32 gold pieces
  8905 | D:7      | Bought a scroll of identify for 32 gold pieces
  8905 | D:7      | Bought a scroll of identify for 32 gold pieces
  9244 | D:8      | Reached XP level 10. HP: 37/50 MP: 14/20
  9256 | D:8      | Noticed a two-headed ogre
  9486 | D:8      | Found a staircase to the Lair.
  9505 | D:8      | Killed a two-headed ogre
  9505 | D:8      | Reached skill level 5 in Conjurations
  9505 | D:8      | Reached skill level 10 in Earth Magic
  9715 | D:8      | Noticed Joseph
  9813 | D:8      | Killed Joseph
 10173 | D:8      | Noticed Maurice
 10175 | D:8      | Killed Maurice
 10400 | D:9      | Found Gisommoth's Distillery.
 10410 | D:9      | Bought a potion of ambrosia for 80 gold pieces
 10410 | D:9      | Bought a potion of curing for 30 gold pieces
 10410 | D:9      | Bought a potion of heal wounds for 50 gold pieces
 10410 | D:9      | Bought a potion of curing for 30 gold pieces
 10410 | D:9      | Bought a potion of curing for 30 gold pieces
 10410 | D:9      | Bought a potion of haste for 100 gold pieces
 10410 | D:9      | Bought a potion of curing for 30 gold pieces
 10469 | D:9      | Found a staircase to the Orcish Mines.
 10475 | D:9      | Lost mutation: You occasionally shout uncontrollably at
                  | your foes. [potion of mutation]
 10475 | D:9      | Lost mutation: You have a pair of small antennae on your
                  | head. [potion of mutation]
 10475 | D:9      | Gained mutation: You are dopey. (Int -2) [potion of
                  | mutation]
 10475 | D:9      | Gained mutation: You are partially covered in yellow
                  | scales. (AC +2) [potion of mutation]
 10650 | D:9      | Got a slimy hand crossbow
 10651 | D:9      | Identified the +9 hand crossbow of Cuoguit {vorpal, rPois
                  | Str+5} (You found it on level 9 of the Dungeon)
 10664 | D:9      | Found an ornate altar of the Wu Jian Council.
 10671 | D:9      | Lost mutation: You are dopey. (Int -2) [potion of mutation]
 10671 | D:9      | Lost mutation: You are frail. (-10% HP) [potion of
                  | mutation]
 10671 | D:9      | Lost mutation: You tend to lose your temper in combat.
                  | [potion of mutation]
 10671 | D:9      | Lost mutation: You are partially covered in yellow scales.
                  | (AC +2) [potion of mutation]
 10671 | D:9      | Gained mutation: You expend magic power (3 MP) to
                  | strengthen your wands. [potion of mutation]
 10671 | D:9      | Gained mutation: Your large and strong wings let you fly
                  | indefinitely. [potion of mutation]
 10846 | D:9      | Noticed Maggie
 10855 | D:9      | Killed Maggie
 10855 | D:9      | Reached * piety under Vehumet
 10855 | D:9      | Offered knowledge of Shock by Vehumet.
 11567 | D:10     | Entered Level 10 of the Dungeon
 12037 | D:10     | Reached XP level 11. HP: 51/62 MP: 22/22
 12522 | D:11     | Noticed a red ugly thing
 12527 | D:11     | Killed a red ugly thing
 12691 | D:11     | Found a burning altar of Makhleb.
 12758 | D:11     | Reached skill level 5 in Fighting
 12887 | D:11     | Offered knowledge of Magic Dart by Vehumet.
 12914 | D:11     | Reached skill level 5 in Armour
 12949 | D:11     | Noticed a two-headed ogre
 12954 | D:11     | Killed a two-headed ogre
 12954 | D:11     | Reached ** piety under Vehumet
 13155 | D:12     | Noticed a green ugly thing
 13217 | D:12     | Found a gate leading to a gauntlet.
 13225 | Gauntlet | Entered a Gauntlet
 13225 | Gauntlet | Found a transporter.
 13234 | Gauntlet | Found a transporter.
 13249 | Gauntlet | Found a transporter.
 13254 | Gauntlet | Found a transporter.
 13268 | Gauntlet | Noticed a hell beast
 13269 | Gauntlet | Found a transporter.
 13288 | Gauntlet | Found a transporter.
 13300 | Gauntlet | Found a transporter.
 13306 | Gauntlet | Found a transporter.
 13321 | Gauntlet | Found a transporter.
 13321 | Gauntlet | Noticed a dire elephant
 13333 | Gauntlet | Found a transporter.
 13333 | Gauntlet | Noticed a blizzard demon
 13345 | Gauntlet | Found a transporter.
 13347 | Gauntlet | Noticed a blizzard demon
 13362 | Gauntlet | Found a transporter.
 13380 | Gauntlet | Found a transporter.
 13382 | Gauntlet | Found a transporter.
 13384 | Gauntlet | Found a runed translucent gate.
 13384 | Gauntlet | Found a runed translucent gate.
 13384 | Gauntlet | Found a runed translucent gate.
 13387 | Gauntlet | Found a large runed translucent door.
 13387 | Gauntlet | Found a large runed translucent door.
 13387 | Gauntlet | Found a large runed translucent door.
 13387 | Gauntlet | Found a large runed translucent door.
 13390 | Gauntlet | Found a large runed translucent door.
 13390 | Gauntlet | Found a large runed translucent door.
 13391 | Gauntlet | Found a large runed translucent door.
 13391 | Gauntlet | Found a large runed translucent door.
 13394 | Gauntlet | Found a large runed translucent door.
 13394 | Gauntlet | Found a large runed translucent door.
 13394 | Gauntlet | Found a runed translucent door.
 13394 | Gauntlet | Found a runed translucent door.
 13395 | Gauntlet | Found a large runed translucent door.
 13396 | Gauntlet | Found a large runed translucent door.
 13405 | Gauntlet | Found a large runed translucent door.
 13405 | Gauntlet | Found a large runed translucent door.
 13406 | Gauntlet | Found a large runed translucent door.
 13407 | Gauntlet | Found a large runed translucent door.
 13409 | Gauntlet | Found a transporter.
 13429 | Gauntlet | Found a transporter.
 13519 | Gauntlet | Found a transporter.
 13623 | Gauntlet | Found a transporter.
 14096 | Gauntlet | Killed a hell beast
 14096 | Gauntlet | Reached skill level 5 in Maces & Flails
 14310 | Gauntlet | Identified the Papyrus of Boosting Evil Arts
 14313 | Gauntlet | Got a smoking amethyst amulet
 14314 | Gauntlet | Identified the amulet "Plog" {+Rage Slay+2} (You found it
                  | in a Gauntlet)
 14321 | Gauntlet | Identified the +11 morningstar of the Depths {flame, *Noise
                  | Dex+5}
 14321 | Gauntlet | Identified the +5 ring mail of Pyon Vowiu {rC+ SInv Stlth+}
 14321 | Gauntlet | Identified the +1 buckler of Gafenen {-Cast +Blink rPois}
 14321 | Gauntlet | Noticed a minotaur
 14343 | Gauntlet | Hit by a javelin thrown by a minotaur

Levels and vault maps discovered:
D:1:      lightli_arrival_noodles, layout_basic, minmay_lizard_pond
D:2:      layout_loops_ring, first_ration, chequers_ecumenical_altar_simple,
          nemelex_dance_club_becter
D:3:      layout_rooms, yredelemnul_forgotten_temple_becter, chequers_garden
D:4:      layout_basic, fedhas_altar_3, nicolae_qazlal_style_of_elements
D:5:      minmay_goblin_kobold_castle, layout_gridville,
          grunt_temple_overflow_open, kennysheep_generic_room_4
D:6:      layout_basic, gammafunk_ghost_necromancy,
          grunt_dithmenos_smoke_and_mirrors
D:7:      layout_basic, nicolae_ru_path_of_blood, minmay_temple_entry_slanted,
          serial_shops, kennysheep_mini_moat
D:8:      layout_loops_ring, lair_entry_dummy, uniq_maurice, uniq_joseph
D:9:      layout_roguey, nicolae_overflow_crystal_walls, orc_0_dummy,
          serial_shops, shop, blue_anna_alchemist [blue_anna_fruit_fields,
          blue_anna_fruit_fields], serial_park_tiny_pond,
          minmay_misc_feat_columns, uniq_maggie
D:10:     layout_basic
D:11:     layout_basic, basic_altar
D:12:     layout_long_grid, gauntlet_entry_generic
Temple:   regret_index_temple_waves
Gauntlet: gammafunk_gauntlet_one_two_three [gammafunk_gauntlet_arena_chambers,
          gammafunk_gauntlet_arena_spirals,
          minmay_gauntlet_arena_make_your_own_arena,
          nicolae_gauntlet_arena_t_cross,
          gammafunk_gauntlet_arena_split_diamond, gammafunk_gauntlet_arena_grid,
          gammafunk_gauntlet_arena_open, gammafunk_gauntlet_arena_teeth,
          nicolae_gauntlet_swirl, nicolae_gauntlet_exit_dead_adventurers]

Skill      XL: |  1  2  3  4  5  6  7  8  9 10 11 |
---------------+----------------------------------+-----
Earth Magic    | 4 5 6 7 8 9 10 | 10.8
Spellcasting   | 3 4 5 6 7 8 |  8.2
Conjurations   | 2 4 6 7 |  7.2
Armour         | 1 3 4 5 |  5.4
Fighting       | 1 3 4 5 |  5.4
Maces & Flails | 1 2 4 5 |  5.0
Dodging        | 2 3 4 |  4.6
Evocations     | 1 2 3 4 |  4.5
Stealth        | |  2.1
Transmutations | |  0.7

Action                   |  1- 3 |  4- 6 |  7- 9 | 10-12 || total
-------------------------+-------+-------+-------+-------++-------
Melee: Short sword       |    60 |       |       |       ||    60
       Dagger            |    23 |   105 |   240 |    43 ||   411
       Morningstar       |       |       |       |    85 ||    85
 Cast: Sandblast         |    27 |    38 |    44 |    75 ||   184
       Stone Arrow       |     4 |     6 |    10 |    19 ||    39
       Lee's Rapid Decon |       |       |    19 |    31 ||    50
 Abil: Fly               |       |       |       |     1 ||     1
Evoke: Wand              |       |       |     3 |    12 ||    15
  Use: Scroll            |       |    11 |     8 |     9 ||    28
       Potion            |       |     3 |     3 |    10 ||    16
 Stab: Sleeping          |     1 |     4 |     3 |       ||     8
  Eat: Chunk             |     3 |     4 |    12 |    17 ||    36
       Ration            |       |     2 |     2 |     3 ||     7
Armor: Robe              |    38 |    41 |    61 |       ||   140
       Leather armour    |       |       |    47 |    14 ||    61
       Steam dragon scal |       |       |       |    76 ||    76
Dodge: Dodged            |    82 |   115 |   189 |   120 ||   506

Table legend:
 A = Non-vault XP
 B = Vault XP
 C = Vault XP percentage of total XP
 D = Non-vault monster count
 E = Vault monster count
 F = Vault count percentage of total count
                 A         B        C        D         E       F
            +---------+---------+-------+---------+---------+-------
      Total |    9986 |    5260 |  34.5 |     203 |      87 |  30.0
            +---------+---------+-------+---------+---------+-------
        D:1 |      36 |       7 |  16.3 |      21 |       7 |  25.0
        D:2 |      68 |      12 |  15.0 |      14 |       4 |  22.2
        D:3 |     123 |       1 |   0.8 |      25 |       1 |   3.8
        D:4 |     272 |       0 |   0.0 |      11 |       0 |   0.0
        D:5 |     806 |     402 |  33.3 |      25 |      53 |  67.9
        D:6 |    1157 |     977 |  45.8 |      29 |       7 |  19.4
        D:7 |     627 |       0 |   0.0 |      16 |       0 |   0.0
        D:8 |    2184 |     865 |  28.4 |      15 |       2 |  11.8
        D:9 |     741 |     524 |  41.4 |       8 |       2 |  20.0
       D:10 |    1213 |       0 |   0.0 |      12 |       0 |   0.0
       D:11 |    2759 |       0 |   0.0 |      27 |       0 |   0.0
   Gauntlet |       0 |    2472 | 100.0 |       0 |      11 | 100.0
            +---------+---------+-------+---------+---------+-------
